Map: Rhoskallian LE

Players

watsup

  • Race: Protoss Protoss
  • Spawn Location: 12:00

Dionis

  • Race: Protoss Protoss
  • Spawn Location: 11:00

qqq - Winner!

  • Race: Zerg Zerg
  • Spawn Location: 5:00

Massa - Winner!

  • Race: Terran Terran
  • League: Platinum
  • Spawn Location: 6:00

VOD

Have the link to the VOD?

Description

Time

  • Played on: Oct. 4, 2020, 9:23 a.m.
  • Length: 10:50
Show
View Real Time Build Order
Export as new Build Order

watsup Protoss 

Build Orders:  

Get SALT Encoding   

  12  0:06  Probe (Chrono Boost)  
  13  0:19  Probe (Chrono Boost)  
  14  0:23  Pylon  
  14  0:26  Probe  
  15  0:42  Forge  
  14  1:07  Pylon  
  14  1:19  Pylon  
  14  1:35  Photon Cannon  
  14  1:36  Pylon  
  14  1:47  Photon Cannon  
  13  1:58  Probe  
  14  2:02  Gateway  
  14  2:05  Assimilator  
  14  2:10  Probe (Chrono Boost)  
  15  2:20  Probe (Chrono Boost)  
  16  2:23  Nexus  
  16  2:25  Probe (Chrono Boost)  
  17  2:34  Pylon  
  16  2:53  Photon Cannon  
  16  2:55  Pylon  
  16  3:04  Gateway  
  15  3:20  Photon Cannon  
  15  3:34  Photon Cannon  
  15  3:43  Photon Cannon  
  15  4:00  Probe  
  15  4:12  Probe  
  16  4:24  Photon Cannon  
  16  5:05  Photon Cannon  
  16  5:10  Pylon  
  16  5:11  Probe  
  17  5:26  Cybernetics Core  
  17  5:27  Probe x2 (Chrono Boost)  
  19  5:37  Probe (Chrono Boost)  
  20  5:52  Assimilator  
  20  6:03  Pylon  
  13  7:00  Photon Cannon  
  12  7:25  Probe (Chrono Boost), Warp Gate (Chrono Boost)  
  12  7:27  Pylon  
  14  7:30  Gateway  
  14  7:31  Probe (Chrono Boost)  
  14  7:35  Probe (Chrono Boost)  
  14  7:36  Gateway  
  15  7:38  Gateway  
  15  7:39  Probe (Chrono Boost)  
  15  7:43  Probe (Chrono Boost)  
  17  7:50  Probe (Chrono Boost)  
  18  7:51  Photon Cannon  
  18  7:55  Probe (Chrono Boost)  
  18  7:56  Probe (Chrono Boost)  
  20  7:58  Photon Cannon  
  20  8:04  Probe (Chrono Boost)  
  22  8:08  Probe (Chrono Boost)  
  22  8:15  Probe (Chrono Boost)  
  22  8:18  Probe (Chrono Boost)  
  24  8:23  Probe (Chrono Boost)  
  25  8:34  Twilight Council  
  25  8:43  Robotics Facility  
  25  8:46  Probe (Chrono Boost)  
  26  8:53  Probe (Chrono Boost)  
  26  8:54  Assimilator  
  28  8:56  Probe (Chrono Boost)  
  28  9:00  Probe (Chrono Boost), Pylon  
  29  9:03  Probe (Chrono Boost)  
  29  9:05  Probe (Chrono Boost)  
  29  9:07  Photon Cannon  
  31  9:23  Dark Shrine  
  31  9:27  Probe x2  
  32  9:36  Photon Cannon  
  32  9:39  Probe  
  32  9:44  Stalker x2  
  32  9:45  Stalker x2  
  22  10:37  Dark Templar x2  
  22  10:38  Dark Templar x2  
Show
View Real Time Build Order
Export as new Build Order

Dionis Protoss 

Build Orders:  

Get SALT Encoding   

  12  0:00  Probe  
  13  0:13  Probe  
  14  0:23  Pylon  
  14  0:25  Probe  
  15  0:37  Assimilator  
  15  0:46  Gateway  
  15  0:48  Probe (Chrono Boost)  
  17  0:58  Probe (Chrono Boost)  
  17  1:03  Probe (Chrono Boost)  
  18  1:14  Probe  
  18  1:18  Assimilator  
  19  1:27  Probe  
  20  1:35  Cybernetics Core  
  20  1:39  Pylon  
  20  1:43  Probe  
  21  1:55  Probe, Gateway  
  22  2:13  Warp Gate (Chrono Boost)  
  22  2:14  Probe  
  23  2:26  Probe  
  24  2:46  Nexus  
  24  2:47  Stalker  
  24  2:50  Zealot  
  28  2:58  Pylon  
  28  3:02  Probe  
  29  3:36  Pylon  
  29  3:40  Stargate  
  29  3:41  Stargate  
  27  3:53  Assimilator, Stalker  
  27  3:54  Zealot  
  29  3:58  Assimilator  
  29  4:14  Gateway  
  29  4:17  Probe  
  30  4:25  Void Ray (Chrono Boost)  
  34  4:32  Probe (Chrono Boost)  
  34  4:33  Probe (Chrono Boost)  
  36  4:40  Void Ray (Chrono Boost)  
  36  4:42  Probe (Chrono Boost)  
  36  4:43  Probe (Chrono Boost)  
  38  4:47  Probe (Chrono Boost)  
  24  5:38  Pylon  
  21  5:42  Pylon  
  21  5:47  Void Ray (Chrono Boost)  
  19  5:50  Void Ray (Chrono Boost)  
  19  6:10  Probe  
  20  6:14  Probe  
  21  6:22  Probe  
  22  6:34  Probe  
  23  6:46  Probe  
  24  6:58  Probe  
  25  7:10  Probe  
  25  7:23  Probe (Chrono Boost)  
  26  7:32  Probe (Chrono Boost)  
  26  7:36  Probe (Chrono Boost)  
  28  7:37  Probe (Chrono Boost)  
  29  7:49  Probe (Chrono Boost)  
  29  7:50  Probe (Chrono Boost)  
  31  7:58  Probe (Chrono Boost)  
  33  8:00  Probe (Chrono Boost)  
  33  8:06  Probe  
  33  8:09  Void Ray  
  33  8:10  Probe  
  35  8:18  Probe  
  40  8:22  Probe  
  41  8:34  Probe (Chrono Boost)  
  43  8:43  Probe (Chrono Boost)  
  43  8:45  Probe (Chrono Boost)  
  44  8:50  Probe (Chrono Boost)  
  44  8:52  Probe (Chrono Boost)  
  46  8:55  Probe (Chrono Boost)  
  46  8:59  Void Ray  
  46  9:00  Probe  
  52  9:12  Probe  
  53  9:27  Probe (Chrono Boost)  
  53  9:31  Probe (Chrono Boost)  
  51  9:41  Probe (Chrono Boost)  
  36  9:45  Probe (Chrono Boost)  
  22  10:07  Zealot x2  
  22  10:08  Zealot  
Show
View Real Time Build Order
Export as new Build Order

qqq Zerg - Winner!

Build Orders: Hatch First 

Get SALT Encoding   

  12  0:00  Drone  
  13  0:08  Drone  
  14  0:39  Hatchery  
  13  0:47  Drone  
  14  0:56  Spawning Pool  
  13  1:05  Overlord  
  13  1:33  Drone x3  
  16  1:45  Zergling x2  
  17  2:01  Zergling x2  
  17  2:06  Extractor, Queen  
  19  2:09  Drone  
  19  2:13  Drone  
  21  2:21  Drone x2  
  23  2:25  Drone  
  23  2:28  Zergling x2  
  25  2:32  Drone  
  26  2:39  Zergling x2  
  27  2:52  Zergling x2  
  27  2:54  Overlord x2  
  28  3:02  Overlord  
  28  3:21  Zergling x4  
  28  3:22  Drone x3  
  33  3:27  Metabolic Boost  
  33  3:30  Queen  
  33  3:50  Zergling x4  
  33  3:51  Zergling x4  
  37  4:03  Zergling x8  
  37  4:04  Drone  
  40  4:11  Zergling x2  
  40  4:14  Drone  
  42  4:22  Lair  
  42  4:23  Drone  
  43  4:24  Roach Warren  
  43  4:25  Zergling x2  
  43  4:33  Zergling x6  
  43  4:34  Zergling x2  
  47  4:48  Zergling x4  
  47  4:49  Drone x2  
  46  5:21  Zergling x6  
  46  5:22  Drone x2  
  46  5:32  Zergling x6  
  46  5:33  Drone  
  49  5:49  Zergling x4  
  48  5:50  Drone x2  
  46  6:06  Zergling x4  
  46  6:07  Drone x2  
  49  6:12  Hydralisk Den  
  48  6:19  Drone  
  48  6:22  Extractor  
  48  6:23  Extractor  
  48  6:24  Drone  
  47  6:27  Extractor  
  47  6:29  Drone, Hatchery  
  47  6:30  Drone  
  42  6:36  Hatchery  
  42  6:38  Drone  
  42  6:39  Drone  
  43  6:41  Muscular Augments  
  43  6:50  Hydralisk x3  
  43  6:52  Overlord x2  
  43  6:53  Overlord  
  49  7:02  Hydralisk  
  49  7:06  Drone  
  52  7:10  Hydralisk  
  52  7:11  Hydralisk  
  56  7:15  Hydralisk  
  56  7:20  Hydralisk  
  60  7:26  Hydralisk  
  58  7:30  Hydralisk  
  58  7:34  Spore Crawler  
  58  7:36  Spore Crawler  
  58  7:37  Drone x2  
  58  7:38  Drone, Hydralisk  
  58  7:43  Queen  
  65  7:45  Drone  
  65  7:46  Hydralisk  
  65  7:47  Hydralisk  
  65  7:51  Hydralisk  
  70  7:53  Grooved Spines  
  70  7:54  Drone  
  73  7:58  Hydralisk  
  73  8:02  Hydralisk  
  77  8:09  Drone  
  77  8:10  Drone  
  77  8:12  Drone, Evolution Chamber  
  79  8:16  Overlord  
  79  8:20  Hydralisk  
  79  8:23  Drone  
  82  8:30  Drone x3  
  82  8:31  Drone  
  82  8:32  Drone  
  87  8:36  Hydralisk  
  89  8:42  Zerg Missile Weapons Level 1  
  89  8:43  Hydralisk  
  89  8:46  Drone  
  89  8:47  Drone  
  94  8:48  Drone  
  94  8:54  Overlord  
  94  8:55  Overlord  
  94  8:57  Hydralisk  
  96  9:04  Overlord x2  
  96  9:09  Spore Crawler  
  95  9:11  Spore Crawler  
  95  9:12  Drone x2  
  95  9:15  Hydralisk  
  95  9:16  Hydralisk  
  100  9:19  Overlord  
  96  9:42  Hydralisk x2  
  96  9:43  Hydralisk x6  
  96  9:45  Drone  
  109  10:02  Hydralisk x5  
  109  10:03  Hydralisk  
  109  10:04  Drone x2  
Show
View Real Time Build Order
Export as new Build Order

Massa Terran - Winner!

Build Orders:  

Get SALT Encoding   

  12  0:00  SCV  
  13  0:12  SCV  
  14  0:23  Supply Depot  
  14  0:24  SCV  
  15  0:31  Refinery  
  15  0:51  SCV  
  16  1:03  SCV  
  17  1:08  Barracks  
  17  1:24  SCV  
  18  1:45  SCV  
  19  1:57  SCV  
  19  1:58  Marine  
  21  2:12  Orbital Command  
  21  2:16  Reaper  
  22  2:25  Command Center  
  22  2:39  Supply Depot  
  22  2:41  Supply Depot  
  22  2:57  Barracks Reactor  
  22  3:05  Factory  
  22  3:16  SCV  
  23  3:28  Command Center  
  23  3:30  Engineering Bay  
  23  3:49  SCV  
  23  3:51  Orbital Command  
  24  4:01  SCV  
  25  4:19  SCV  
  25  4:20  SCV  
  27  4:32  SCV x2  
  27  4:36  Marine  
  29  4:40  Barracks  
  29  4:42  Barracks  
  29  4:44  SCV x2, Hellion  
  29  4:45  Hellion  
  35  4:50  Orbital Command  
  35  4:54  Marine  
  35  4:56  SCV  
  37  5:04  SCV  
  37  5:06  Hellion  
  40  5:08  SCV  
  40  5:11  Missile Turret  
  41  5:15  Missile Turret  
  41  5:17  Missile Turret  
  41  5:20  Refinery, SCV x2  
  43  5:21  Marine  
  43  5:25  Hellion  
  46  5:35  Marine x2  
  46  5:39  Marine  
  49  5:53  Marine x2  
  51  5:57  Marine  
  56  6:04  Hellion x2  
  56  6:11  Marine x2  
  56  6:15  Marine  
  59  6:25  Hellion x2  
  59  6:31  Marine  
  59  6:32  Marine  
  61  6:33  Marine  
  61  6:35  SCV x3  
  65  6:47  SCV x3, Hellion x2  
  67  6:49  Marine x2  
  67  6:50  Marine  
  66  6:59  SCV x3  
  60  7:21  Barracks Reactor, Barracks Tech Lab  
  60  7:27  Barracks  
  60  7:28  Barracks  
  60  7:45  Missile Turret  
  60  7:48  Refinery x2, SCV x3  
  60  7:50  Command Center, Missile Turret  
  63  7:58  Supply Depot x3  
  63  8:00  SCV x3  
  63  8:01  Command Center  
  63  8:02  Missile Turret  
  66  8:05  Stimpack  
  66  8:06  Marine  
  66  8:07  Marine  
  69  8:13  Missile Turret  
  69  8:14  Barracks Reactor, Marine  
  69  8:20  SCV x2  
  69  8:21  SCV  
  69  8:24  Marine  
  69  8:25  Marine  
  74  8:32  SCV x2  
  76  8:35  Missile Turret  
  76  8:36  Marine  
  76  8:41  Barracks Reactor, Barracks Tech Lab  
  77  8:42  Marine x2  
  77  8:47  Hellion x2  
  83  8:54  Marine  
  83  8:55  Missile Turret  
  84  9:00  Marine x3  
  84  9:01  Marine x2  
  89  9:05  Combat Shield  
  89  9:08  Hellion x2  
  93  9:10  Orbital Command  
  93  9:11  Marine  
  93  9:13  Missile Turret  
  93  9:14  Orbital Command, Missile Turret  
  94  9:17  Marine  
  94  9:18  Marine x2  
  94  9:19  Marine x2  
  94  9:21  Missile Turret x2  
  99  9:29  Marine  
  99  9:30  Hellion  
  99  9:31  Armory, Engineering Bay  
  102  9:35  Marine  
  102  9:36  Marine x2  
  101  9:43  Missile Turret  
  101  9:44  Missile Turret  
  102  10:00  Marauder x2, Marine x2  
  102  10:01  Marine x3  
  109  10:21  Marauder x2  
Tags
 
Add a new tag
Caveats
  • Supply blocks, unpowered buildings, or Contaminate may cause inaccurate times.
  • Supply counts are checked every 10 seconds.